 Dungeon Crawl Stone Soup version 0.31-a0-632-g766dd24fdf (webtiles) character file.

Game seed: 12094831245360587163

68536 RepHenryClay the Spry (level 14, -2/68 HPs)
             Began as a Deep Elf Hedge Wizard on Aug 25, 2023.
             Was a High Priest of Vehumet.
             Killed from afar by Jorgrun (45 damage)
             ... with an entropic shot
             ... on level 13 of the Dungeon on Aug 26, 2023.
             The game lasted 01:22:56 (31581 turns).

RepHenryClay the Spry (Deep Elf Hedge Wizard)      Turns: 31581, Time: 01:22:56

Health: -2/68      AC: 13    Str: 10    XL:     14   Next: 87%
Magic:  1/32       EV: 26    Int: 25    God:    Vehumet [*****.]
Gold:   850        SH:  0    Dex: 22    Spells: 12/38 levels left

rFire   . . .        P - +5 dagger (drain)
rCold   + + .        (no shield)
rNeg    . . .        p - +1 robe of Tenacity {rC+}
rPois   +            e - +1 helmet
rElec   .            w - +1 cloak {Stlth+}
rCorr   .            C - +1 pair of gloves {Str+3}
SInv    .            N - +3 pair of mountain boots {steadfast, rC+}
Will    +++..        (no amulet)
Stlth   ++++         H - ring of willpower
HPRegen 0.31/turn    A - ring "Topemehu" {rPois Int+2 Dex+6}
MPRegen 0.23/turn

%: no passive effects
@: enlightened, flying
A: no striking features
a: Renounce Religion


You were on level 13 of the Dungeon.
You worshipped Vehumet.
Vehumet was extremely pleased with you.
You visited 4 branches of the dungeon, and saw 21 of its levels.
You also visited: Ossuary and Gauntlet.

You collected 2183 gold pieces.
You spent 1333 gold pieces at shops.

Inventory:

Hand Weapons
 b - a +1 short sword of venom
 L - the +8 spear of Defiance {freeze, rElec Will+}
   (You found it on level 6 of the Dungeon)

   rElec:     It insulates you from electricity.
   Will+:     It increases your willpower.
 P - a +5 dagger of draining (weapon)
Missiles
 B - 3 throwing nets
Armour
 e - a +1 helmet (worn)
 p - the +1 robe of Tenacity (worn) {rC+}
   (You found it on level 4 of the Dungeon)

   rC+:       It protects you from cold.
 w - a +1 cloak of stealth (worn)
 x - a scarf of invisibility
 C - a +1 pair of gloves of strength (worn)
 N - the +3 pair of mountain boots (worn) {steadfast, rC+}
   (You found it in a Gauntlet)

   Steadfast: It prevents involuntary movement, except for blinking,
   teleportation, or banishment.
   rC+:       It protects you from cold.
Magical Staves
 a - a staff of poison
 S - a staff of air
Jewellery
 c - a ring of protection from cold
 k - a +5 ring of evasion
 y - a ring of ice
 A - the ring "Topemehu" (right hand) {rPois Int+2 Dex+6}
   (You found it on level 8 of the Dungeon)

   [ring of dexterity]

   Int+2:     It affects your intelligence (+2).
   Dex+6:     It affects your dexterity (+6).
   rPois:     It protects you from poison
 H - a ring of willpower (left hand)
 O - the ring "Woahecen" {rC+ rN+}
   (You found it in a Gauntlet)

   [ring of protection from cold]

   rC+:       It protects you from cold.
   rN+:       It protects you from negative energy.
Wands
 i - a wand of mindburst (13)
 j - a wand of digging (5)
 n - a wand of charming (45)
 o - a wand of acid (4)
 s - a wand of flame (20)
 E - a wand of iceblast (8)
Scrolls
 g - a scroll of enchant armour
 h - 2 scrolls of fog
 q - 5 scrolls of teleportation
 t - a scroll of brand weapon
 u - 3 scrolls of enchant weapon
 D - 2 scrolls of amnesia
 G - 3 scrolls of identify {@r1}
 J - 5 scrolls of vulnerability
 M - 3 scrolls of blinking
 Q - 2 scrolls of fear {unknown}
 R - 2 scrolls of immolation {unknown}
 U - 2 scrolls of revelation
 V - a scroll of poison {unknown}
Potions
 d - 3 potions of magic
 f - 4 potions of degeneration
 l - 2 potions of haste
 m - 6 potions of curing
 r - 3 potions of lignification
 v - 3 potions of attraction
 z - 5 potions of might
 F - 7 potions of ambrosia
 I - a potion of enlightenment
 T - 2 potions of mutation
 W - a potion of berserk rage


   Skills:
 - Level 5.0 Short Blades
 * Level 17.0 Dodging
 - Level 5.0 Stealth
 + Level 12.7 Spellcasting
 + Level 15.6 Conjurations
 - Level 1.1 Summonings
 - Level 5.0 Translocations
 - Level 10.0 Fire Magic
 - Level 3.0 Air Magic
 - Level 10.0 Poison Magic


You had 12 spell levels left.
You knew the following spells:

 Your Spells              Type           Power      Damage    Failure   Level
a - Magic Dart            Conj           100%       1d8       0%          1
b - Iskenderun's Mystic   Conj/Tloc      61%        2d13      1%          4
c - Mephitic Cloud        Conj/Pois/Air  59%        N/A       1%          3
d - Cigotuvi's Dreadful   Necr/Pois/Air  74%        N/A       1%          2
e - Volatile Blastmotes   Fire/Tloc      100%       2d18      1%          3
f - Searing Ray           Conj           100%       2d8       0%          2
g - Olgreb's Toxic Radia  Pois           60%        N/A       1%          4
h - Fireball              Conj/Fire      34%        3d14      1%          5
Q - Blink                 Tloc           80%        N/A       1%          2

Your spell library contained the following spells:

 Spells                   Type           Power      Damage    Failure   Level
 Leda's Unmaking          Conj/Erth      26%        9d5       7%          6
 Dazzling Flash           Conj/Hex       100%       N/A       1%          3
 Hailstorm                Conj/Ice       53%        3d12      1%          3
 Fulminant Prism          Conj/Hex       26%        3d14      1%          4
 Starburst                Conj/Fire      34%        6d10      1%          6
 Slow                     Hex            60%        N/A       3%          1
 Call Imp                 Summ           42%        N/A       3%          2
 Swiftness                Air            30%        N/A       3%          3
 Portal Projectile        Hex/Tloc       56%        N/A       4%          3
 Manifold Assault         Tloc           40%        N/A       4%          4
 Tukima's Dance           Hex            15%        N/A       11%         3
 Summon Lightning Spire   Summ/Air       26%        N/A       16%         4
 Lee's Rapid Deconstruct  Erth           7%         3d7*      26%         5
 Animate Armour           Summ/Erth      36%        N/A       30%         4
 Summon Ice Beast         Ice/Summ       18%        N/A       30%         4
 Cause Fear               Hex            7%         N/A       36%         4
 Metabolic Englaciation   Hex/Ice        7%         N/A       71%         5
 Simulacrum               Ice/Necr       7%         N/A       99%         6
 Discord                  Hex            7%         N/A       100%        8
 Maxwell's Capacitive Co  Air            15%        ∞         100%        8
 Dragon's Call            Summ           10%        N/A       100%        9


Dungeon Overview and Level Annotations

Branches:
Dungeon (13/15)            Temple (1/1) D:7            Lair (5/5) D:11
 Shoals (0/4) Lair:3       Spider (0/4) Lair:3        Slime (0/5) Lair:4
    Orc (2/2) D:9             Elf (0/3) Orc:2       Ossuary (visited)
Gauntlet (visited)
 Vaults: D:13-14

Altars:
Ashenzari
Cheibriados
Dithmenos
Elyvilon
Fedhas
Gozag
Hepliaklqana
Kikubaaqudgha
Makhleb
Nemelex Xobeh
Okawaru
Qazlal
Ru
Sif Muna
Trog
Uskayaw
Vehumet
Wu Jian
Xom
Yredelemnul
Zin
The Shining One

Shops:
D:7 :   Orc:2 *:?=

Annotations:
D:13 Jorgrun
Lair:5 1 runed translucent door unfinished, SirDiesAlot's ghost, adept OpSu


Message History

Jorgrun is heavily wounded.
Casting: Fireball (safe; 1% risk of failure)
Confirm with . or Enter, or press ? or * to list all spells.
Aiming: Mephitic Cloud (safe; 1% risk of failure)
Press: ? - help, Shift-Dir - straight line, f/p - Jorgrun
Aim: Jorgrun, wielding a staff of earth and wearing a +1 robe of willpower (heavily wounded, extremely poisoned, chance to affect: 29%)
The ball explodes into a vile cloud!
The stinking cloud engulfs Jorgrun but does no damage.
Jorgrun is heavily wounded.
The stinking cloud engulfs you but does no damage.
Jorgrun is engulfed in noxious fumes.
Jorgrun hits you with a staff of earth!
Huge Dmg: -22%(-15hp) hp: 65%(44hp) Unknown command.
You hit Jorgrun.
Jorgrun is severely wounded.
Jorgrun is engulfed in noxious fumes.
Jorgrun appears confused.
Jorgrun hits you with a staff of earth!
Huge Dmg: -20%(-14hp) hp: 45%(30hp)
You hit Jorgrun. You drain Jorgrun.
Jorgrun is severely wounded.
Jorgrun is engulfed in noxious fumes.
Jorgrun hits you with a staff of earth!
* * * LOW HITPOINT WARNING * * *
Jorgrun shatters you!
* * * LOW HITPOINT WARNING * * *
Huge Dmg: -33%(-22hp) hp: 12%(8hp) Jorgrun is engulfed in noxious fumes.
You feel much better.
Jorgrun is engulfed in noxious fumes.
Casting: Mephitic Cloud (safe; 1% risk of failure)
Confirm with . or Enter, or press ? or * to list all spells.
You erupt in a blast of force!
The mystic blast hits the rakshasa!
The rakshasa is lightly wounded.
The rakshasa is knocked back by the mystic blast.
The mystic blast hits Jorgrun!
Jorgrun is severely wounded.
Jorgrun is knocked back by the mystic blast.
Jorgrun seems less confused.
Jorgrun is engulfed in noxious fumes.
Jorgrun gestures at you while chanting. The entropic shot hits you!!!
Ouch! That really hurt!
You die...

#.........#.............#
#.~~~~
#.......................#
#...##
#..####.................#
##..## #..#
#............^....# #..##
#..# #...#R............#
#..## #..#
#...#○g......####.# #..##
#..# #...#°.°.....#
#.#####..##
#...#..°.....#
#........##
#...#....@...#
#......<.##
#...#........#
#........##
.####...#........#
#.####...##
........#........# #.#
#..... ..........†......#
#.# #.....
.####...)........# #.#
#..... #..†.........# #.#
#..### #..##...)....# #.#
#..# # #.. #........# #.#
#..# #


You could see Jorgrun (very poisoned, drained) and a rakshasa.

Vanquished Creatures
  Nessos (Orc:2)
  A minotaur (Gauntlet)
  Snorg (Lair:4)
  Fannar (Lair:3)
  The ghost of Peulonen the Impaler, a journeyman TeDe of Hepliaklqana (Lair:4)
  4 ogre magi (Orc:2)
  6 hydras
  A centaur warrior (D:13)
  13 two-headed ogres
  2 thrashing horrors (Gauntlet)
  Sonja (Lair:4)
  Nergalle (Lair:1)
  A skyshark (Lair:4)
  A sixfirhy (Gauntlet)
  A swamp dragon (Lair:5)
  3 orc knights
  Pikel (D:4)
  3 ugly things
  2 orc sorcerers
  2 oklob plants (Lair:4)
  A cyclops (D:13)
  2 manticores (D:11)
  5 elephants (Lair:3)
  Maurice (Orc:2)
  2 gargoyles
  A water nymph (Lair:3)
  3 black mambas
  Maggie (D:7)
  11 cane toads
  3 rime drakes
  A torpor snail (Lair:1)
  A minotaur zombie (Gauntlet)
  An efreet (D:13)
  A kobold demonologist (D:10)
  5 komodo dragons
  A polar bear (Lair:2)
  2 trolls
  A hornet (D:9)
  9 blink frogs (Lair:2)
  7 dream sheep (Lair:4)
  6 slime creatures (D:13)
  4 shadows
  Sigmund (D:2)
  5 wyverns
  A vampire (D:12)
  3 wraiths
  Eustachio (D:5)
  48 yaks
  2 basilisks (Lair:2)
  A chaos spawn (Gauntlet)
  6 steam dragons
  12 vampire mosquitoes
  2 wargs (Orc:2)
  Menkaure (D:6)
  A neqoxec (Gauntlet)
  5 acid dragons
  6 water moccasins
  18 orc warriors
  A black bear (D:5)
  2 ice beasts
  4 small abominations (Gauntlet)
  4 sky beasts
  23 ogres
  5 centaurs
  18 wolves
  3 lemures (D:4)
  4 phantoms
  5 kobold brigands
  6 necrophages (Lair:2)
  11 bullfrogs
  6 gnoll sergeants
  3 water moccasin zombies (Ossuary)
  4 scorpions
  12 wights
  25 killer bees (D:10)
  3 electric eels (Lair:5)
  A lava snake (Lair:2)
  A crimson imp (D:3)
  7 hounds
  2 jellies (D:5)
  Crazy Yiuf (D:4)
  A gnoll bouda (D:8)
  16 orc priests
  3 sleepcaps
  8 iguanas
  4 hell rats (Lair:4)
  17 orc wizards
  2 mummies (Ossuary)
  25 gnolls
  7 adders
  5 white imps
  2 ufetubi (Gauntlet)
  5 adder zombies (Ossuary)
  A worm (D:2)
  2 dart slugs
  51 orcs
  9 endoplasms
  4 giant cockroaches
  6 gnoll zombies (Ossuary)
  6 goblins
  A hobgoblin (D:3)
  7 jackals
  A quokka (D:2)
  8 ball pythons
  9 bats
  2 frilled lizards (D:3)
  5 hobgoblin zombies
  12 kobolds
  A kobold skeleton (D:3)
  3 kobold zombies
  An orc skeleton (D:3)
  6 orc zombies
  5 rats
615 creatures vanquished.

Vanquished Creatures (collateral kills)
  A queen bee (D:10)
  2 killer bees (D:10)
  A hound (D:5)
4 creatures vanquished.

Vanquished Creatures (others)
  A gnoll sergeant (D:9)
  An orc (D:9)
2 creatures vanquished.

Grand Total: 621 creatures vanquished

Notes
Turn   | Place    | Note
-------+----------+-------------------------------------------
     0 | D:1      | RepHenryClay the Deep Elf Hedge Wizard began the quest for
                  | the Orb.
     0 | D:1      | Reached XP level 1. HP: 10/10 MP: 7/7
   253 | D:1      | Reached XP level 2. HP: 15/15 MP: 5/9
   970 | D:2      | Reached XP level 3. HP: 19/19 MP: 6/10
  1026 | D:2      | Noticed Sigmund
  1031 | D:2      | Learned a level 2 spell: Blink
  1034 | D:2      | Learned a level 2 spell: Cigotuvi's Dreadful Rot
  1038 | D:2      | Learned a level 3 spell: Mephitic Cloud
  1068 | D:2      | Killed Sigmund
  1069 | D:2      | Reached skill level 5 in Conjurations
  1069 | D:2      | Reached XP level 4. HP: 8/24 MP: 4/12
  1069 | D:2      | Reached XP level 5. HP: 10/28 MP: 4/13
  1751 | D:3      | Found a glowing golden altar of the Shining One.
  1791 | D:3      | Found a blossoming altar of Fedhas.
  1882 | D:3      | Found a basalt altar of Yredelemnul.
  2033 | D:3      | Reached XP level 6. HP: 32/32 MP: 9/14
  2356 | D:3      | Learned a level 3 spell: Volatile Blastmotes
  2712 | D:4      | Identified the +1 robe of Tenacity {rC+}
  2732 | D:4      | Found a sand-covered staircase.
  2737 | Ossuary  | Entered an ossuary
  2748 | Ossuary  | Reached skill level 1 in Fire Magic
  3122 | Ossuary  | Reached skill level 3 in Dodging
  3431 | Ossuary  | Reached XP level 7. HP: 28/36 MP: 8/15
  3561 | D:4      | Reached skill level 1 in Air Magic
  3561 | D:4      | Reached skill level 1 in Poison Magic
  3839 | D:4      | Found a glowing silver altar of Zin.
  3958 | D:4      | Found a runed translucent door.
  3958 | D:4      | Identified the +0 hammer of Res Ipsa Loquitur {speed, rElec
                  | Str-3 Int+3 Stlth+}
  3959 | D:4      | Noticed Crazy Yiuf
  3970 | D:4      | Killed Crazy Yiuf
  4085 | D:4      | Noticed Pikel
  4287 | D:4      | Found a broken altar of Ashenzari.
  4889 | D:4      | Killed Pikel
  4890 | D:4      | Reached skill level 5 in Dodging
  4890 | D:4      | Reached skill level 5 in Spellcasting
  4890 | D:4      | Reached XP level 8. HP: 40/41 MP: 2/17
  5073 | D:5      | Entered Level 5 of the Dungeon
  5385 | D:5      | Reached skill level 6 in Dodging
  5763 | D:5      | Noticed Eustachio
  5792 | D:5      | Killed Eustachio
  6002 | D:5      | Found a snail-covered altar of Cheibriados.
  6023 | D:5      | Reached skill level 7 in Dodging
  6292 | D:5      | Learned a level 4 spell: Iskenderun's Mystic Blast
  6318 | D:6      | Noticed Menkaure
  6318 | D:6      | Noticed a two-headed ogre
  6573 | D:5      | Reached XP level 9. HP: 42/45 MP: 14/20
  7365 | D:5      | Reached skill level 5 in Translocations
  7708 | D:6      | Killed Menkaure
  7814 | D:6      | Identified the +8 spear of Defiance {freeze, rElec Will+}
  8105 | D:6      | Killed a two-headed ogre
  8106 | D:6      | Reached skill level 10 in Conjurations
  8882 | D:7      | Reached XP level 10. HP: 50/50 MP: 14/21
  8987 | D:7      | Found a large runed translucent door.
  8988 | D:7      | Found a large runed translucent door.
  9258 | D:7      | Noticed Maggie
  9267 | D:7      | Killed Maggie
  9335 | D:7      | Found Ikaum's Tiny Tomes.
  9375 | D:7      | Found a staircase to the Ecumenical Temple.
  9388 | Temple   | Entered the Ecumenical Temple
  9548 | D:7      | Found a sparkling altar of Nemelex Xobeh.
  9849 | D:7      | Found a shadowy altar of Dithmenos.
  9973 | D:7      | Found a radiant altar of Vehumet.
  9976 | D:7      | Became a worshipper of Vehumet
 10105 | D:8      | Found an iron altar of Okawaru.
 10237 | D:8      | Found a bloodstained altar of Trog.
 10303 | D:8      | Found a hide-covered altar of Uskayaw.
 11356 | D:8      | Reached * piety under Vehumet
 11356 | D:8      | Offered knowledge of Sandblast by Vehumet.
 11365 | D:8      | Reached skill level 8 in Dodging
 11721 | D:8      | Found a white marble altar of Elyvilon.
 11731 | D:8      | Identified the ring "Topemehu" {rPois Int+2 Dex+6}
 12123 | D:8      | Found a sacrificial altar of Ru.
 12306 | D:9      | Reached skill level 9 in Dodging
 12309 | D:9      | Noticed a gargoyle
 12632 | D:9      | Killed a gargoyle
 12633 | D:9      | Reached skill level 10 in Dodging
 12767 | D:9      | Found a staircase to the Orcish Mines.
 12912 | D:9      | Found the +7 Kryia's mail coat {PotionHeal*2 rC+}
 13250 | D:10     | Entered Level 10 of the Dungeon
 13257 | D:10     | Reached ** piety under Vehumet
 13275 | D:10     | Offered knowledge of Searing Ray by Vehumet.
 13277 | D:10     | Reached XP level 11. HP: 35/54 MP: 18/23
 13307 | D:9      | Learned a level 2 spell: Searing Ray
 13742 | D:10     | Reached skill level 11 in Dodging
 13750 | D:10     | Offered knowledge of Frozen Ramparts by Vehumet.
 13928 | D:10     | Found a hazy altar of Hepliaklqana.
 14030 | D:10     | Reached *** piety under Vehumet
 14468 | D:11     | Reached skill level 12 in Dodging
 14479 | D:11     | Offered knowledge of Olgreb's Toxic Radiance by Vehumet.
 14500 | D:10     | Learned a level 4 spell: Olgreb's Toxic Radiance
 15014 | D:11     | Found a stormy altar of Qazlal.
 15129 | D:11     | Identified the +0 war axe "Elf's Doom" {vamp, rPois MP+9
                  | Dex-4 Stlth+}
 15227 | D:11     | Found a staircase to the Lair.
 15598 | D:9      | Reached skill level 5 in Poison Magic
 15698 | Orc:1    | Entered Level 1 of the Orcish Mines
 15709 | Orc:1    | Noticed an orc sorcerer
 15809 | Orc:1    | Killed an orc sorcerer
 15974 | Orc:2    | Entered Level 2 of the Orcish Mines
 15997 | Orc:2    | Noticed a two-headed ogre
 15997 | Orc:2    | Noticed a two-headed ogre
 15997 | Orc:2    | Noticed a two-headed ogre
 15997 | Orc:2    | Noticed a two-headed ogre
 15997 | Orc:2    | Noticed a two-headed ogre
 15998 | Orc:2    | Noticed an ogre mage
 15999 | Orc:2    | Noticed a two-headed ogre
 16006 | Orc:2    | Noticed a two-headed ogre
 16010 | Orc:2    | Killed a two-headed ogre
 16013 | Orc:2    | Noticed an ogre mage
 16014 | Orc:2    | Noticed a two-headed ogre
 16748 | Orc:2    | Killed a two-headed ogre
 16749 | Orc:2    | Reached XP level 12. HP: 59/59 MP: 11/26
 16843 | Orc:2    | Reached **** piety under Vehumet
 16853 | Orc:2    | Killed a two-headed ogre
 17069 | Orc:2    | Killed a two-headed ogre
 17120 | Orc:2    | Killed an ogre mage
 17124 | Orc:2    | Killed a two-headed ogre
 17125 | Orc:2    | Reached skill level 10 in Poison Magic
 17127 | Orc:2    | Killed an ogre mage
 17127 | Orc:2    | Offered knowledge of Sticky Flame by Vehumet.
 17128 | Orc:2    | Reached skill level 1 in Short Blades
 17421 | Orc:2    | Killed a two-headed ogre
 17446 | Orc:2    | Noticed Nessos
 17460 | Orc:2    | Noticed an ogre mage
 17582 | Orc:2    | Noticed a two-headed ogre
 17748 | Orc:2    | Killed a two-headed ogre
 17749 | Orc:2    | Reached skill level 5 in Stealth
 17842 | Orc:2    | Killed an ogre mage
 17979 | Orc:2    | Found a staircase to the Elven Halls.
 17990 | Orc:2    | Killed a two-headed ogre
 17991 | Orc:2    | Reached skill level 5 in Short Blades
 18119 | Orc:2    | Killed a two-headed ogre
 18304 | Orc:2    | Found Wokk's Magic Scroll Shop.
 18304 | Orc:2    | Found Yxzuiwuss's Jewellery Shoppe.
 18309 | Orc:2    | Found Laened's Book Shop.
 18309 | Orc:2    | Found Ruteanesme's Assorted Antiques.
 18316 | Orc:2    | Killed Nessos
 18492 | Orc:2    | Noticed an ogre mage
 18632 | Orc:2    | Bought a runed scarf for 232 gold pieces
 18632 | Orc:2    | Bought a pair of runed gloves for 217 gold pieces
 18638 | Orc:2    | Bought a scroll of blinking for 127 gold pieces
 18638 | Orc:2    | Bought a scroll of blinking for 127 gold pieces
 18642 | Orc:2    | Bought a book of the Dragon for 630 gold pieces
 18648 | Orc:2    | Learned a level 5 spell: Fireball
 18653 | Orc:2    | Noticed Maurice
 18671 | Orc:2    | Killed Maurice
 18672 | Orc:2    | Reached skill level 5 in Fire Magic
 18684 | Orc:2    | Killed an ogre mage
 18684 | Orc:2    | Noticed a two-headed ogre
 18796 | Orc:2    | Killed a two-headed ogre
 18990 | Orc:2    | Noticed a two-headed ogre
 18997 | Orc:2    | Killed a two-headed ogre
 19179 | Orc:2    | Reached XP level 13. HP: 44/63 MP: 19/27
 19753 | Orc:2    | Found Ruteanesme's Assorted Antiques.
 19753 | Orc:2    | Found Laened's Book Shop.
 19754 | Orc:2    | Found Wokk's Magic Scroll Shop.
 19754 | Orc:2    | Found Yxzuiwuss's Jewellery Shoppe.
 19955 | Orc:2    | Found a staircase to the Elven Halls.
 20377 | Lair:1   | Entered Level 1 of the Lair of Beasts
 20388 | Lair:1   | Noticed Nergalle
 20601 | Lair:1   | Found a gate leading to a gauntlet.
 20614 | Gauntlet | Entered a Gauntlet
 20614 | Gauntlet | Found a transporter.
 20614 | Gauntlet | Found a transporter.
 20618 | Gauntlet | Found a transporter.
 20618 | Gauntlet | Found a transporter.
 20620 | Gauntlet | Found a large runed translucent door.
 20621 | Gauntlet | Found a large runed translucent door.
 20622 | Gauntlet | Found a large runed translucent door.
 20622 | Gauntlet | Found a large runed translucent door.
 20622 | Gauntlet | Found a runed translucent door.
 20622 | Gauntlet | Found a runed translucent door.
 20623 | Gauntlet | Found a large runed translucent door.
 20623 | Gauntlet | Found a large runed translucent door.
 20623 | Gauntlet | Found a large runed translucent door.
 20623 | Gauntlet | Found a large runed translucent door.
 20624 | Gauntlet | Found a large runed translucent door.
 20624 | Gauntlet | Found a large runed translucent door.
 20625 | Gauntlet | Found a large runed translucent door.
 20625 | Gauntlet | Found a large runed translucent door.
 20626 | Gauntlet | Found a runed translucent gate.
 20626 | Gauntlet | Found a runed translucent gate.
 20626 | Gauntlet | Found a runed translucent gate.
 20628 | Gauntlet | Found a transporter.
 20638 | Gauntlet | Found a transporter.
 20638 | Gauntlet | Found a transporter.
 20662 | Gauntlet | Found a transporter.
 20671 | Gauntlet | Found a transporter.
 20682 | Gauntlet | Found a large runed translucent door.
 20683 | Gauntlet | Found a large runed translucent door.
 20685 | Gauntlet | Found a transporter.
 20716 | Gauntlet | Found a large runed translucent door.
 20717 | Gauntlet | Found a large runed translucent door.
 20719 | Gauntlet | Found a transporter.
 20753 | Gauntlet | Found a transporter.
 20775 | Gauntlet | Found a transporter.
 20854 | Gauntlet | Found the +3 pair of mountain boots {steadfast, rC+}
 20858 | Gauntlet | Found a transporter.
 20869 | Gauntlet | Found a transporter.
 20885 | Gauntlet | Found a transporter.
 20976 | Gauntlet | Reached ***** piety under Vehumet
 21083 | Gauntlet | Offered knowledge of Conjure Ball Lightning by Vehumet.
 21140 | Gauntlet | Got the Codex of Charms and Ceraunoscopy
 21188 | Gauntlet | Identified the ring "Woahecen" {rC+ rN+}
 21325 | Gauntlet | Noticed a minotaur
 21337 | Gauntlet | Killed a minotaur
 21378 | Gauntlet | Identified the +1 steam dragon scales "Berchuef" {Harm
                  | rElec Dex-3}
 21378 | Gauntlet | Identified the +5 mace "Elf's Peril" {flame, Fragile Fly
                  | Dex+5}
 21597 | Lair:1   | Killed Nergalle
 21598 | Lair:1   | Reached skill level 10 in Fire Magic
 21913 | Lair:1   | Reached skill level 13 in Dodging
 22916 | Lair:1   | Reached skill level 10 in Spellcasting
 23148 | Lair:2   | Reached skill level 14 in Dodging
 24247 | Lair:3   | Found a hole to the Spider Nest.
 24541 | Lair:3   | Found a staircase to the Shoals.
 24645 | Lair:3   | Reached XP level 14. HP: 54/68 MP: 4/30
 24919 | Lair:3   | Noticed Fannar
 24936 | Lair:3   | Killed Fannar
 25661 | Lair:4   | Noticed Sonja
 25665 | Lair:4   | Reached skill level 15 in Dodging
 26037 | Lair:4   | Noticed Snorg
 26042 | Lair:4   | Killed Snorg
 26300 | Lair:4   | Killed Sonja
 26474 | Lair:4   | Found a runed translucent door.
 26494 | Lair:4   | Noticed Peulonen's ghost (journeyman TeDe)
 26629 | Lair:4   | Found a staircase to the Slime Pits.
 26658 | Lair:4   | Reached skill level 15 in Conjurations
 27206 | Lair:4   | Killed Peulonen's ghost
 27307 | Lair:5   | Entered Level 5 of the Lair of Beasts
 27615 | Lair:5   | Noticed SirDiesAlot's ghost (adept OpSu)
 27617 | Lair:5   | Found a runed translucent door.
 27620 | Lair:5   | Reached skill level 16 in Dodging
 28390 | Lair:5   | Offered knowledge of Leda's Unmaking by Vehumet.
 29044 | D:9      | Found a staircase to the Orcish Mines.
 31548 | D:13     | Reached skill level 17 in Dodging
 31557 | D:13     | Noticed Jorgrun
 31581 | D:13     | Killed from afar by Jorgrun

Illustrated notes

Levels and vault maps discovered:
D:1:      dpeg_arrival_fog, layout_rooms
D:2:      layout_basic, uniq_sigmund
D:3:      layout_loops_ring, amcnicky_altar_gilded,
          mainiacjoe_overflow_alcove_2, nicolae_tso_besieged_by_evil,
          minmay_unequal
D:4:      layout_rooms, zin_scriptorium, evilmike_ruin_ashenzari,
          nicolae_ossuary_entry_plus, nrook_campfire, uniq_pikel,
          uniq_crazy_yiuf_cottage
D:5:      layout_rooms, kennysheep_slug_shrine, uniq_eustachio
D:6:      layout_cave_pools, uniq_menkaure
D:7:      layout_loops_ring, nemelex_dance_club_becter, jmf_multi_god_temple2,
          minmay_temple_entry_large_hall, nicolae_shop_i_like_small_books_too,
          kennysheep_cluttered_room, kennysheep_generic_room_13, uniq_maggie
D:8:      layout_cave_pools, mainiacjoe_overflow_24_doors,
          nicolae_uskayaw_dance_hall, marbit_many_paths, minitemple,
          serial_gnoll_camp, gnoll_camp_medium_02, gnoll_camp_mini_hut,
          gnoll_camp_mini_loothouse, gnoll_camp_mini_basic,
          gnoll_camp_mini_house
D:9:      layout_big_octagon, orc_david_3, minmay_starry_boxes
D:10:     layout_long_grid, nicolae_hepliaklqana_hippocampus, special_room
          [special_room_bee]
D:11:     layout_irregular_city, lair_entry_dummy, minmay_misc_feat_diagonals,
          nicolae_qazlal_general_emergency
D:12:     layout_basic
D:13:     layout_long_grid, minmay_orc_keep, uniq_jorgrun
Temple:   hellmonk_temple_of_storms
Lair:1:   layout_regular_city, gauntlet_entry_generic, portal_ice_cave_rime,
          uniq_nergalle
Lair:2:   layout_gridlike, roderic_carrion_pond, grunt_megastairs_4,
          lemuel_fruit_fields
Lair:3:   layout_cave_pods, nicolae_shoals_entry_flooding,
          spider_nest_entry_web_field, uniq_fannar
Lair:4:   layout_loops_ring, minmay_slime_entry_oklob_open,
          ebering_ghost_reflecting_pool, uniq_sonja, uniq_snorg
Lair:5:   guppyfry_lair_end_dragon, layout_cave_pods,
          hellmonk_ghost_happy_afterlife, serial_bayou_lake_a
Orc:1:    layout_caves, basic_altar, mines_bat_river
Orc:2:    st_orc_ogre_mass, layout_caves, basic_altar, uniq_nessos, uniq_maurice

Skill      XL: |  1  2  3  4  5  6  7  8  9 10 11 12 13 14 |
---------------+-------------------------------------------+-----
Conjurations   | 2 3 5 6 7 11 13 14 15 | 15.6
Fire Magic     | 3 4 7 10 | 10.0
Dodging        | 3 5 7 10 12 14 17 | 17.0
Air Magic      | 3 |  3.0
Poison Magic   | 3 8 10 | 10.0
Spellcasting   | 5 6 8 10 12 | 12.7
Translocations | 2 5 |  5.0
Short Blades   | 5 |  5.0
Stealth        | 5 |  5.0
Summonings     | |  1.1

Action                     |  1- 3 |  4- 6 |  7- 9 | 10-12 | 13-15 || total
---------------------------+-------+-------+-------+-------+-------++-------
  Melee: Dagger            |    45 |    45 |    38 |    89 |    40 ||   257
         Punch             |       |       |     1 |     3 |     2 ||     6
         Short sword       |       |       |    19 |   202 |    25 ||   246
         Spear             |       |       |     8 |       |       ||     8
         Staff             |       |       |       |       |    56 ||    56
   Cast: Magic Dart        |    53 |   141 |   376 |   372 |    19 ||   961
         Mephitic Cloud    |     2 |       |    22 |    63 |    16 ||   103
         Volatile Blastmot |       |     8 |     3 |     3 |       ||    14
         Cigotuvi's Dreadf |       |       |     2 |     2 |       ||     4
         Blink             |       |       |    15 |     3 |       ||    18
         Iskenderun's Myst |       |       |    10 |    92 |    85 ||   187
         Searing Ray       |       |       |       |    14 |    14 ||    28
         Olgreb's Toxic Ra |       |       |       |    24 |    29 ||    53
         Fireball          |       |       |       |    10 |   206 ||   216
  Evoke: Wand              |       |     4 |     1 |    13 |     8 ||    26
    Use: Potion            |     1 |     2 |     5 |     3 |     4 ||    15
         Scroll            |       |     7 |     5 |     5 |     2 ||    19
   Stab: Confused          |       |       |     8 |    37 |     9 ||    54
         Sleeping          |       |       |       |     6 |       ||     6
         Distracted        |       |       |       |       |     1 ||     1
 Armour: Robe              |    10 |    31 |    89 |    68 |    54 ||   252
  Dodge: Dodged            |    38 |    47 |   164 |   346 |   241 ||   836

Table legend: (Time is in decaauts)
 A = Elapsed time spent in this place.
 B = Non-inter-level travel time spent in this place.
 C = Inter-level travel time spent in this place.
 D = Time resting spent in this place.
 E = Time spent auto-exploring this place.
 F = Levels seen in this place.
 G = Mean time per level.
                   A        B        C        D        E       F      G
               +--------+--------+--------+--------+--------+-----+--------+
         Total |  31640 |  29834 |   1806 |   4918 |  19520 |  23 | 1375.7 |
       Dungeon |  18145 |  17050 |   1095 |   2940 |  10880 |  13 | 1395.8 |
        Temple |     22 |     22 |      0 |     21 |      0 |   1 |   22.0 |
          Lair |   7428 |   7041 |    387 |    497 |   5692 |   5 | 1485.6 |
  Orcish Mines |   4330 |   4007 |    323 |   1017 |   2122 |   2 | 2165.0 |
       Ossuary |    794 |    794 |      0 |    216 |    402 |   1 |  794.0 |
      Gauntlet |    918 |    918 |      0 |    227 |    422 |   1 |  918.0 |
               +--------+--------+--------+--------+--------+-----+--------+

Top non-repeatable levels by time:
     D:5: 2634 daAuts
   Orc:2: 2479 daAuts
     D:8: 2082 daAuts
   Orc:1: 1851 daAuts
     D:7: 1789 daAuts
     D:4: 1674 daAuts
     D:9: 1632 daAuts
  Lair:4: 1594 daAuts
  Lair:1: 1584 daAuts
  Lair:3: 1546 daAuts
  Lair:5: 1362 daAuts
  Lair:2: 1341 daAuts
    D:10: 1284 daAuts
    D:11: 1158 daAuts
    D:12: 1114 daAuts
